 Dungeon Crawl Stone Soup version 0.32-a0-938-g40ac7a0f4d (webtiles) character file.

Game seed: 17898878241515790842

19229 Revguard the Blocker (level 12, -2/82 HPs)
             Began as a Demonspawn Fighter on Apr 15, 2024.
             Was an Elder of Yredelemnul.
             Slain by a two-headed ogre
             ... wielding a +2 dire flail of holy wrath
              (6 damage)
             ... on level 12 of the Dungeon.
             The game lasted 00:35:30 (10030 turns).

Revguard the Blocker (Demonspawn Fighter)          Turns: 10030, Time: 00:35:32

Health: -2/82      AC: 15    Str: 21    XL:     12   Next: 34%
Magic:  0/18       EV: 12    Int: 12    God:    Yredelemnul [****..]
Gold:   696        SH:  8    Dex: 15    Spells: 11/11 levels left

rFire   + . .        a - +0 war axe (spect)
rCold   . . .        m - +2 buckler "Wuoth" {Will+ Int+6}
rNeg    + . .        z - +1 ring mail {rF+}
rPois   +            d - +0 helmet
rElec   .            B - +0 cloak
rCorr   .            G - +0 pair of gloves
SInv    .            J - +1 pair of boots "Ezaxal" {Rampage rPois rN+ Int-5}
Will    ++...        A - amulet of regeneration
Stlth   +            r - ring of willpower
HPRegen 1.13/turn    (no ring)
MPRegen 0.32/turn

%: clarity, guardian spirit, rampage
@: about to teleport, wreathed by umbra, studying 2 skills
A: yellow scales 1, magic shield, magic regeneration, weakness stinger 2, agile
1, clarity, clever 1, frail 1
a: Renounce Religion, Light the Black Torch, Recall Undead Harvest, Hurl
Torchlight, Bind Soul


You were on level 12 of the Dungeon.
You worshipped Yredelemnul.
Yredelemnul was aware of your devotion.
You visited 2 branches of the dungeon, and saw 13 of its levels.

You collected 696 gold pieces.

Inventory:

Hand Weapons
 a - a +0 spectral war axe (weapon)
 c - a +1 vampiric spear
Missiles
 v - 5 throwing nets (quivered)
Armour
 d - a +0 helmet (worn)
 m - the +2 buckler "Wuoth" (worn) {Will+ Int+6}
   (You took it off a gnoll sergeant on level 6 of the Dungeon)

   Int+6:     It affects your intelligence (+6).
   Will+:     It increases your willpower.
 z - a +1 ring mail of fire resistance (worn)
 B - a +0 cloak (worn)
 G - a +0 pair of gloves (worn)
 J - the +1 pair of boots "Ezaxal" (worn) {Rampage rPois rN+ Int-5}
   (You found it on level 10 of the Dungeon)

   Int-5:     It affects your intelligence (-5).
   rPois:     It protects you from poison.
   rN+:       It protects you from negative energy.
   Rampage:   It bestows one free step when moving towards enemies.
Jewellery
 r - a ring of willpower (left hand)
 w - a +6 ring of intelligence
 A - an amulet of regeneration (around neck)
Wands
 q - a wand of roots (1)
 y - a wand of mindburst (4)
 C - a wand of charming (12)
 D - a wand of digging (4)
 E - a wand of polymorph (11)
 I - a wand of flame (12)
Scrolls
 f - 2 scrolls of poison
 g - 4 scrolls of teleportation
 h - 3 scrolls of enchant armour
 j - 2 scrolls of revelation
 l - a scroll of blinking
 o - 2 scrolls of noise
 p - 2 scrolls of silence
 t - 2 scrolls of amnesia
 u - 2 scrolls of fear
 x - 3 scrolls of vulnerability
 F - 2 scrolls of immolation
Potions
 e - a potion of lignification
 i - 2 potions of enlightenment
 k - a potion of brilliance
 n - 2 potions of degeneration
 s - 3 potions of haste
 H - a potion of curing
 K - a potion of mutation
 L - a potion of heal wounds


   Skills:
 + Level 7.8 Fighting
 * Level 9.1 Axes
 + Level 6.9 Armour
 + Level 6.1 Dodging
 * Level 9.4 Shields
 + Level 8.9 Invocations
 + Level 6.8 Evocations


You had 11 spell levels left.
You didn't know any spells.
Your spell library contained the following spells:

 Spells                   Type           Power      Damage    Failure   Level
 Freeze                   Ice            0%         1d3       52%         1
 Magic Dart               Conj           0%         1d3       52%         1
 Slow                     Hex            0%         N/A       52%         1
 Blink                    Tloc           0%         N/A       65%         2
 Call Imp                 Summ           0%         N/A       65%         2
 Sublimation of Blood     Necr           0%         N/A       65%         2
 Confusing Touch          Hex            0%         N/A       87%         3
 Frozen Ramparts          Ice            0%         1d1       87%         3
 Hailstorm                Conj/Ice       0%         3d5       87%         3
 Sigil of Binding         Hex            0%         N/A       87%         3
 Vampiric Draining        Necr           0%         2d6       87%         3
 Sculpt Simulacrum        Ice/Alch       0%         N/A       100%        6
 Summon Hydra             Summ           0%         N/A       100%        7
 Death Channel            Necr           Unusable   N/A       N/A         6

Dungeon Overview and Level Annotations

Branches:
Dungeon (12/15)            Temple (1/1) D:4            Lair (0/5) D:10
    Orc (0/2) D:12

Altars:
Ashenzari
Cheibriados
Dithmenos
Fedhas
Gozag
Hepliaklqana
Kikubaaqudgha
Makhleb
Nemelex Xobeh
Okawaru
Qazlal
Ru
Sif Muna
Trog
Uskayaw
Vehumet
Wu Jian
Xom
Yredelemnul

Shops:
D:5 =   D:12 :

Annotations:
D:9 2 transporters


Innate Abilities, Weirdness & Mutations

You are partially covered in yellow scales. (AC +2)
When hurt, damage is shared between your health and your magic reserves.
You regenerate magic rapidly.
You have a tail ending in a sharp stinger.
You are agile. (Dex +4, Str/Int -1)
You possess an exceptional clarity of mind.
Your mind is acute. (Int +4, Str/Dex -1)
You are frail. (-10% HP)


Message History

The boulder beetle stops rolling and uncurls.
You swap places.
The wraith hits your orc zombie!
Your orc zombie is destroyed!
As you read the scroll of teleportation, it crumbles to dust.
You feel strangely unstable.
You feel yourself speed up.
The sphinx mumbles some strange words.
Something smites you!
* * * LOW HITPOINT WARNING * * *
Psyche hits the boulder beetle but does no damage. x2
The boulder beetle waves its antennae.
The boulder beetle barely misses Psyche.
You swap places.
Psyche barely misses the boulder beetle.
The boulder beetle curls into a ball and begins rolling!
Unknown command.
Your surroundings suddenly seem different.
A vampire, a wolf spider, 2 elves and 2 two-headed ogres come into view.
A two-headed ogre is wielding a +2 dire flail of holy wrath and a +0 giant club.
Found a scroll of blinking, 73 gold pieces, a leather armour and a chain mail.
The two-headed ogre shouts in stereo!
The deep elf pyromancer shouts!
The deep elf zephyrmancer hits you but does no damage.
The deep elf pyromancer mumbles some strange words.
The deep elf pyromancer blinks!
The two-headed ogre completely misses you.
The two-headed ogre closely misses you.
As you read the scroll of teleportation, it crumbles to dust.
You feel strangely unstable. You block the wolf spider's attack.
The wolf spider bites you but does no damage.
The deep elf pyromancer mumbles some strange words.
The deep elf pyromancer blinks!
The deep elf zephyrmancer hits you with a +0 long sword.
* * * LOW HITPOINT WARNING * * *
The vampire hits you but does no damage.
The vampire bites you but does no damage.
The two-headed ogre hits you with a +2 dire flail of holy wrath!
* * * LOW HITPOINT WARNING * * *
You convulse.
You die...
Your body rises from the dead as a mindless zombie.

## ###$#+# #'#$### ##
##.....###.....## ..
#[.....$#(.....?# #
#....e..#.......# #
#.OV....#.......# #########
#.e@s.§.#...H...# ........#
#?..O..$#$..°.H)# ........#
##.....###..○WC# ........#
#.#[### ###)#B# ).......# #.
## ###Z# ........# #. #ZZ#
.>......# ##. #.## #.ZZ...<#
##..##########.##
#.......#####.............Z.#


You could see a wolf spider, 2 two-headed ogres, a deep elf pyromancer, a deep
elf zephyrmancer and a vampire.

Vanquished Creatures
  The ghost of droidenko the Grappler, a novice TrFi of Wu Jian (D:6)
  2 two-headed ogres
  A deep elf knight (D:12)
  2 deep elf pyromancers
  An orc knight (D:12)
  A cyclops (D:11)
  An ugly thing (D:12)
  2 manticores
  A gargoyle (D:10)
  An unseen horror (D:10)
  An efreet (D:10)
  A kobold demonologist (D:11)
  Psyche (D:12)
  A vampire (D:11)
  2 shadows (D:9)
  12 yaks
  2 wraiths
  A warg (D:10)
  2 vampire mosquitoes (D:10)
  An acid dragon (D:10)
  A water moccasin (D:9)
  A sky beast (D:4)
  2 orc warriors (D:10)
  3 ogres
  2 centaurs
  A wolf (D:10)
  A phantom (D:5)
  A kobold brigand (D:5)
  4 bullfrogs
  5 gnoll sergeants
  A scorpion (D:6)
  6 wights
  A bombardier beetle (D:4)
  5 howler monkeys
  3 hounds
  A jelly (D:7)
  4 orc priests
  5 iguanas
  10 orc wizards
  Robin (D:3)
  15 gnolls
  5 adders
  4 river rats (D:6)
  3 ufetubi
  2 ribbon worms (D:2)
  3 dart slugs (D:2)
  30 orcs
  7 endoplasms
  3 giant cockroaches
  9 goblins
  10 hobgoblins
  9 quokkas
  6 ball pythons
  5 bats
  A frilled lizard (D:2)
  8 kobolds
  7 rats
222 creatures vanquished.

Vanquished Creatures (collateral kills)
  Harold (D:10)
  A boulder beetle (D:12)
  Sonja (D:10)
  A manticore (D:12)
  A deep elf pyromancer (D:12)
  A gargoyle (D:11)
  A troll (D:11)
  A shadow (D:11)
  A wyvern (D:7)
  A wraith (D:9)
  9 yaks
  Eustachio (D:5)
  A steam dragon (D:9)
  2 vampire mosquitoes (D:10)
  An acid dragon (D:12)
  An ice beast (D:6)
  3 orc warriors
  A wolf (D:10)
  2 centaurs
  A kobold brigand (D:7)
  A bullfrog (D:9)
  A gnoll sergeant (D:8)
  2 scorpions (D:6)
  A hound (D:7)
  4 jellies
  2 orc priests
  A gnoll bouda (D:6)
  3 orc wizards
  9 gnolls
  2 ufetubi
  15 orcs
  An endoplasm (D:4)
  A kobold (D:5)
75 creatures vanquished.

Vanquished Creatures (others)
  An unseen horror zombie (D:10)
  A spectral kobold (D:11)
  2 yak zombies (D:10)
  A wolf zombie (D:10)
  3 centaur zombies
  2 scorpion zombies (D:6)
  An ogre zombie (D:6)
  2 hound zombies
  5 gnoll zombies
  3 kobold zombies
  20 orc zombies
  A quokka zombie (D:5)
  2 spectral ufetubi
44 creatures vanquished.

Grand Total: 341 creatures vanquished

Notes
Turn   | Place    | Note
-------+----------+-------------------------------------------
     0 | D:1      | Revguard the Demonspawn Fighter began the quest for the
                  | Orb.
     0 | D:1      | Reached XP level 1. HP: 18/18 MP: 1/1
   300 | D:1      | Gained mutation: You regenerate magic rapidly. [demonic
                  | ancestry]
   300 | D:1      | Reached XP level 2. HP: 20/24 MP: 2/2
   589 | D:2      | Reached skill level 1 in Invocations
   589 | D:2      | Reached XP level 3. HP: 26/29 MP: 3/3
   999 | D:2      | Reached XP level 4. HP: 19/35 MP: 3/5
  1193 | D:3      | Found a hide-covered altar of Uskayaw.
  1201 | D:3      | Reached skill level 1 in Dodging
  1202 | D:3      | Reached skill level 1 in Evocations
  1213 | D:3      | Gained mutation: You are partially covered in yellow
                  | scales. (AC +2) [demonic ancestry]
  1213 | D:3      | Reached XP level 5. HP: 8/41 MP: 6/6
  1361 | D:3      | Found an opulent altar of Gozag.
  1367 | D:3      | Found a blossoming altar of Fedhas.
  1551 | D:3      | Noticed Robin
  1561 | D:3      | Killed Robin
  1956 | D:3      | Found a faded altar of an unknown god.
  1963 | D:3      | Prayed at the altar of an unknown god.
  1963 | D:3      | Became a worshipper of Ru the Awakened
  1967 | D:3      | Fell from the grace of Ru
  2041 | D:4      | Found a staircase to the Ecumenical Temple.
  2044 | D:4      | Noticed a sky beast
  2062 | D:4      | Gained mutation: When hurt, damage is shared between your
                  | health and your magic reserves. [demonic ancestry]
  2062 | D:4      | Reached XP level 6. HP: 34/47 MP: 7/7
  2072 | D:4      | Killed a sky beast
  2081 | Temple   | Entered the Ecumenical Temple
  2101 | Temple   | Became a worshipper of Yredelemnul the Fallen
  2177 | D:4      | Found an iron altar of Okawaru.
  2177 | D:4      | Found a burning altar of Makhleb.
  2864 | D:5      | Entered Level 5 of the Dungeon
  2889 | D:5      | Reached XP level 7. HP: 27/53 MP: 6/9
  3032 | D:5      | Noticed Eustachio
  3059 | D:5      | Killed Eustachio
  3269 | D:5      | Reached * piety under Yredelemnul
  3582 | D:5      | Found Essoxod's Jewellery Shoppe.
  3714 | D:6      | Reached XP level 8. HP: 42/60 MP: 8/10
  3957 | D:6      | Reached skill level 5 in Shields
  4471 | D:6      | Identified the +2 buckler "Wuoth" {Will+ Int+6}
  4472 | D:6      | Noticed droidenko's ghost (novice TrFi)
  4573 | D:6      | Reached ** piety under Yredelemnul
  4574 | D:6      | Reached skill level 5 in Axes
  4893 | D:6      | Found a transporter.
  4893 | D:6      | Found a transporter.
  5208 | D:6      | Killed droidenko's ghost
  5209 | D:6      | Reached skill level 5 in Fighting
  5209 | D:6      | Reached skill level 5 in Invocations
  5209 | D:6      | Reached XP level 9. HP: 19/68 MP: 1/12
  5219 | D:6      | HP: 3/68 [poisoned by a gnoll bouda]
  5482 | D:6      | Gained mutation: You possess an exceptional clarity of
                  | mind. [potion of mutation]
  5482 | D:6      | Gained mutation: You are frail. (-10% HP) [potion of
                  | mutation]
  5482 | D:6      | Gained mutation: You are agile. (Dex +4, Str/Int -1)
                  | [potion of mutation]
  5482 | D:6      | Gained mutation: Your mind is acute. (Int +4, Str/Dex -1)
                  | [potion of mutation]
  5981 | D:7      | Noticed a deep elf pyromancer
  5996 | D:7      | Killed a deep elf pyromancer
  6022 | D:7      | Found a shimmering blue altar of Sif Muna.
  6207 | D:7      | Reached skill level 5 in Armour
  7000 | D:8      | Reached *** piety under Yredelemnul
  7082 | D:8      | Noticed a two-headed ogre
  7090 | D:8      | Killed a two-headed ogre
  7091 | D:8      | Reached XP level 10. HP: 51/68 MP: 10/14
  7265 | D:9      | Found a transporter.
  7266 | D:9      | Found a transporter.
  7267 | D:9      | Noticed a boulder beetle
  7463 | D:9      | Found a broken altar of Ashenzari.
  7553 | D:9      | Reached skill level 5 in Evocations
  7979 | D:10     | Entered Level 10 of the Dungeon
  8049 | D:10     | Noticed a gargoyle
  8063 | D:10     | Killed a gargoyle
  8064 | D:10     | Reached skill level 5 in Dodging
  8069 | D:10     | Gained mutation: You have a small tail. [demonic ancestry]
  8069 | D:10     | Reached XP level 11. HP: 20/72 MP: 3/16
  8088 | D:10     | Reached **** piety under Yredelemnul
  8089 | D:10     | Found a staircase to the Lair.
  8096 | D:10     | HP: 3/74 [warg (6)]
  8096 | D:10     | HP: 1/74 [something (2)]
  8378 | D:10     | Noticed Sonja
  8389 | D:10     | Killed Sonja
  8630 | D:10     | Your ally Sonja died
  8657 | D:10     | Noticed a two-headed ogre
  8662 | D:10     | Killed a two-headed ogre
  8751 | D:10     | Noticed Harold
  8769 | D:10     | Killed Harold
  8795 | D:10     | Identified the +1 pair of boots "Ezaxal" {Rampage rPois rN+
                  | Int-5}
  9779 | D:12     | Found a staircase to the Orcish Mines.
  9820 | D:12     | Noticed a deep elf pyromancer
  9835 | D:12     | Killed a deep elf pyromancer
  9836 | D:12     | Gained mutation: You have a tail ending in a sharp stinger.
                  | [demonic ancestry]
  9836 | D:12     | Reached XP level 12. HP: 64/81 MP: 14/18
  9836 | D:12     | Noticed a boulder beetle
  9853 | D:12     | Killed a boulder beetle
  9882 | D:12     | Noticed Psyche
  9889 | D:12     | Killed Psyche
  9997 | D:12     | Found Geuteure's Vocational Training.
 10017 | D:12     | Noticed a boulder beetle
 10021 | D:12     | Noticed a sphinx
 10022 | D:12     | Noticed a six-headed hydra
 10029 | D:12     | Noticed a two-headed ogre
 10029 | D:12     | Noticed a two-headed ogre
 10030 | D:12     | HP: 4/82 [two-headed ogre/+2 dire flail of holy wrath (15)]
 10030 | D:12     | Slain by a two-headed ogre

Illustrated notes

Levels and vault maps discovered:
D:1:      spicycebolla_green_bress_n_ham, layout_rooms
D:2:      layout_loops_ring, columned_hall_lemuel, minmay_tripent
D:3:      layout_rooms, nicolae_overflow_macrodata_refinement,
          dilly_ecumenical_altar_fadedgnrine, uniq_robin
D:4:      layout_loops_corners, mainiacjoe_overflow_divided_tiny,
          minmay_temple_entry_tees, st_stairs_5
D:5:      layout_loops_ring, serial_shops, nicolae_lakefront_shop,
          minmay_misc_feat_more_columns, uniq_eustachio
D:6:      wad_woods_tower, layout_basic, gammafunk_ghost_gnarly_gnolls,
          kennysheep_small_spiral, minmay_misc_feat_room,
          minmay_fractal_squares_diagonal_5
D:7:      layout_basic, grunt_decor_mini_mirrors,
          serial_library_hellmonk_narrow_alcove
D:8:      layout_basic
D:9:      gammafunk_boulding_lane, layout_long_grid, nicolae_ashenzari_skybound,
          st_stairs_2, grunt_decor_resistance
D:10:     minmay_opposing_rooms, layout_rooms, erik_lair_orcish_takeover,
          serial_library_hellmonk_open_cross, uniq_harold, uniq_sonja
D:11:     layout_roguey
D:12:     minmay_heptahexagon, layout_basic, nicolae_shop_vocational,
          uniq_psyche, uniq_lodul
Temple:   hellmonk_temple_of_storms

Skill      XL: |  1  2  3  4  5  6  7  8  9 10 11 12 |
---------------+-------------------------------------+-----
Axes           | 2 3 4 5 6 7 8 9 |  9.1
Shields        | 3 4 6 7 9 |  9.4
Invocations    | 1 2 3 5 6 7 8 |  8.9
Armour         | 3 4 5 6 |  6.9
Dodging        | 1 2 3 4 5 6 |  6.1
Evocations     | 1 2 3 4 5 6 |  6.8
Fighting       | 4 5 6 7 |  7.8

Action                     |  1- 3 |  4- 6 |  7- 9 | 10-12 || total
---------------------------+-------+-------+-------+-------++-------
  Melee: War axe           |   117 |   133 |   245 |   199 ||   694
         Spear             |       |       |       |   292 ||   292
         Tailslap          |       |       |       |    82 ||    82
 Invoke: Renounce Religion |       |     1 |       |       ||     1
         Light the Black T |       |     2 |     3 |     4 ||     9
         Recall Undead Har |       |       |     2 |     1 ||     3
         Hurl Torchlight   |       |       |     3 |     6 ||     9
  Evoke: Wand              |       |       |     4 |    19 ||    23
    Use: Potion            |       |     1 |     5 |       ||     6
         Scroll            |       |       |    12 |    11 ||    23
   Stab: Distracted        |       |     1 |     1 |     6 ||     8
 Armour: Scale mail        |    76 |       |       |       ||    76
         Chain mail        |    45 |   161 |   220 |       ||   426
         Ring mail         |       |       |    42 |   385 ||   427
  Dodge: Dodged            |    54 |    84 |   163 |   231 ||   532
  Block: Buckler           |    23 |    63 |    91 |   231 ||   408

Table legend: (Time is in decaauts)
 A = Elapsed time spent in this place.
 B = Non-inter-level travel time spent in this place.
 C = Inter-level travel time spent in this place.
 D = Time resting spent in this place.
 E = Time spent auto-exploring this place.
 F = Levels seen in this place.
 G = Mean time per level.
                   A        B        C        D        E       F      G
               +--------+--------+--------+--------+--------+-----+--------+
         Total |  10223 |   9775 |    448 |    136 |   7090 |  13 |  786.4 |
       Dungeon |  10182 |   9754 |    428 |    136 |   7090 |  12 |  848.5 |
        Temple |     40 |     20 |     20 |      0 |      0 |   1 |   40.0 |
               +--------+--------+--------+--------+--------+-----+--------+

Top non-repeatable levels by time:
     D:6: 1918 daAuts
     D:7: 984 daAuts
    D:10: 906 daAuts
     D:5: 868 daAuts
    D:11: 861 daAuts
     D:4: 854 daAuts
     D:3: 822 daAuts
     D:2: 822 daAuts
     D:9: 754 daAuts
     D:8: 691 daAuts
     D:1: 421 daAuts
    D:12: 275 daAuts
  Temple: 40 daAuts
